cohdb
Replays
Latest Replays
All Replays
Popular Replays
Top Player Replays
Match Explorer
How It Works
Community
CoH3 Stats
Reddit
Sign in to upload your games and track your stats! →
Sign in with Steam
Match 42946516
Unlisted
Match 42946516
Overview
Messages
Build Orders
End
Construct Barracks
1⁄4-ton 4x4 Truck
Riflemen Squad
Selects Advanced Infantry Battlegroup
Riflemen Squad
Grenade Package
Riflemen Squad
Infantry Support Center
Construct Weapon Support Center
Selects Convert to Ranger Squad
Selects Frontline Medical Station
Frontline Medical Station
M1918 Browning Automatic Rifles
M3 Armored Personnel Carrier
pp123p
Flightless Bird
The Wolf, Duc Volpe
Definitely not a Pineapple
Team saupiquet
Getmeout
Clara
FartNoise
0
0
Comments
sign in to comment!
No comments posted yet!